 Dungeon Crawl Stone Soup version 0.24-a0-443-g80245de385 (webtiles) character file.

Game seed: 10033333908448438845

7 HAL9000 the Ruffian (level 1, -1/16 HPs)
             Began as a Draconian Transmuter on June 21, 2019.
             Slain by a jackal (3 damage)
             ... on level 2 of the Dungeon.
             The game lasted 00:00:52 (137 turns).

HAL9000 the Ruffian (Draconian Transmuter)           Turns: 137, Time: 00:00:53

Health: -1/16      AC:  4    Str: 12    XL:     1   Next: 83%
Magic:  3/3        EV: 12    Int: 13    God:
Gold:   0          SH:  0    Dex: 11    Spells: 3/4 levels left

rFire    . . .     SeeInvis .     - Unarmed
rCold    . . .     Gourm    .   (no shield)
rNeg     . . .     Faith    .   (armour unavailable)
rPois    .         Spirit   .   (helmet restricted)
rElec    .         Reflect  .   (no cloak)
rCorr    .         Harm     .   (no gloves)
MR       .....                  (no boots)
Stlth    +.........             (no amulet)
HPRegen  0.05/turn              (no ring)
MPRegen  0.08/turn              (no ring)

@: slowed, very slow
A: unfitting armour, cold-blooded, AC +4
a: no special abilities


You were on level 2 of the Dungeon.
You were not hungry.

You visited 1 branch of the dungeon, and saw 2 of its levels.

Inventory:

Missiles
 a - 12 arrows
Jewellery
 b - a cursed amulet of inaccuracy {unknown}
Comestibles
 c - a ration


   Skills:
 - Level 1.1 Fighting
 - Level 1.7 Dodging
 + Level 3.5 Unarmed Combat
 - Level 2.0 Spellcasting
 - Level 2.0 Transmutations


You had 3 spell levels left.
You knew the following spells:

 Your Spells              Type           Power        Failure   Level  Hunger
a - Beastly Appendage     Tmut           #.....       11%         1    ##.....

Your spell library contained the following spells:

 Spells                   Type           Power        Failure   Level  Hunger
 Sticks to Snakes         Tmut           #.......     17%         2    ###....
 Spider Form              Tmut/Pois      #.........   45%         3    ####...
 Ice Form                 Ice/Tmut       #.......     86%         4    #####..
 Blade Hands              Tmut           #.........   97%         5    ######.


Dungeon Overview and Level Annotations

Branches:
Dungeon (1/15)

Altars:

Annotations:
D:2 Jessica


Innate Abilities, Weirdness & Mutations

Your plain brown scales are hard. (AC +4)
You cannot fit into any form of body armour.
You are cold-blooded and may be slowed by cold attacks.


Message History

The jackal bites you. The jackal completely misses you.
Unknown command.
You hit the jackal. You tail-slap the jackal.
You kill the jackal!
The jackal bites you but does no damage.
The jackal bites you.
* * * LOW HITPOINT WARNING * * *
The jackal bites you but does no damage.
Jessica the Apprentice Sorceress comes into view.
Jessica shouts!
A bat comes into view.
The jackal bites you but does no damage.
The bat hits you but does no damage. x2; The jackal bites you.
* * * LOW HITPOINT WARNING * * *
You hit the bat.
You kill the bat!
The jackal misses you.
Jessica points at you and mumbles some strange words.
You feel yourself slow down. The jackal bites you.
You die...

#......#......#..........#
#......#....#.(.......=..#
#......#......#w.....[...#
#......#.....##S.........#
#......###.#.##.hg.......#
.... #S#.##SSg..$....#
#Z#ZS.sKK###.#.##
##h#####g## .# .. #.@@# .
## #...# .# #...# # #...+
#...# #...# #...# #...#


You could see an adder, Jessica, a jackal and a quokka skeleton.

Vanquished Creatures
  A bat (D:2)
  A giant cockroach (D:1)
  2 jackals (D:2)
  A kobold (D:1)
5 creatures vanquished.

Notes
Turn   | Place    | Note
-------+----------+-------------------------------------------
     0 | D:1      | HAL9000 the Draconian Transmuter began the quest for the
                  | Orb.
     0 | D:1      | Reached XP level 1. HP: 16/16 MP: 3/3
   100 | D:1      | You fall into a shaft and drop 1 floor!
   133 | D:2      | Noticed Jessica
   137 | D:2      | Slain by a jackal

Levels and vault maps discovered:
D:1:      evilmike_arrival_grusome_pit, layout_loops_corners
D:2:      layout_basic, first_ration, hangedman_decor_riveting, uniq_robin,
          uniq_jessica

Action                   || total
-------------------------++-------
Melee: Unarmed           ||    13
       Tailslap          ||     3
Armor: Skin              ||    15
Dodge: Dodged            ||    27

Table legend:
 A = Non-vault XP
 B = Vault XP
 C = Vault XP percentage of total XP
 D = Non-vault monster count
 E = Vault monster count
 F = Vault count percentage of total count
                 A         B        C        D         E       F
            +---------+---------+-------+---------+---------+-------
      Total |      10 |       0 |   0.0 |       5 |       0 |   0.0
            +---------+---------+-------+---------+---------+-------
        D:1 |       4 |       0 |   0.0 |       2 |       0 |   0.0
        D:2 |       6 |       0 |   0.0 |       3 |       0 |   0.0
            +---------+---------+-------+---------+---------+-------
